 Dungeon Crawl Stone Soup version 0.29-a0-344-ge2f44be95a (webtiles) character file.

Game seed: 10677805575771398678

552 pascalblue the Gusty (level 7, -13/36 HPs)
             Began as a Deep Elf Air Elementalist on Apr 21, 2022.
             Was an Initiate of Vehumet.
             Shot with an arrow by a centaur (17 damage)
             ... on level 5 of the Dungeon.
             The game lasted 00:11:28 (4618 turns).

pascalblue the Gusty (Deep Elf Air Elementalist)    Turns: 4618, Time: 00:11:29

Health: -13/36     AC:  4    Str:  5    XL:     7   Next: 8%
Magic:  12/16      EV: 12    Int: 28    God:    Vehumet [......]
Gold:   225        SH:  0    Dex: 15    Spells: 6/16 levels left

rFire   + . .      SeeInvis .   c - +4 short sword
rCold   x . .      Faith    .   (no shield)
rNeg    . . .      Spirit   .   a - +1 robe
rPois   .          Reflect  .   (no helmet)
rElec   .          Harm     .   (no cloak)
rCorr   .          Rampage  .   m - +0 pair of gloves
Will    .....                   (no boots)
Stlth   ++........              (no amulet)
HPRegen 0.12/turn               i - ring of fire
MPRegen 0.15/turn               p - +6 ring of intelligence

@: very slightly contaminated
A: no striking features
a: Renounce Religion


You were on level 5 of the Dungeon.
You worshipped Vehumet.
Vehumet was noncommittal.
You visited 1 branch of the dungeon, and saw 5 of its levels.

You collected 225 gold pieces.

Inventory:

Hand Weapons
 c - a +4 short sword (weapon)
 e - a +0 dagger of holy wrath
Missiles
 k - 16 poisoned darts
 o - 5 datura-tipped darts
 v - 3 atropa-tipped darts
Armour
 a - a +1 robe (worn)
 m - a +0 pair of gloves (worn)
Jewellery
 i - a ring of fire (left hand)
 l - a ring of protection from cold
 p - a +6 ring of intelligence (right hand)
Wands
 n - a wand of paralysis (12)
 t - a wand of flame (27)
Scrolls
 g - a scroll of noise {unknown}
 u - a scroll of blinking
Potions
 b - a potion of magic
 d - a potion of haste
 f - 3 potions of might
 h - a potion of mutation
 j - 2 potions of attraction
 q - a potion of heal wounds {unknown}
 r - 2 potions of curing
 s - 2 potions of lignification


   Skills:
 - Level 2.4 Dodging
 - Level 2.4 Stealth
 + Level 5.3 Spellcasting
 * Level 5.1 Conjurations
 * Level 5.7 Air Magic


You had 6 spell levels left.
You knew the following spells:

 Your Spells              Type           Power      Damage    Failure   Level
a - Shock                 Conj/Air       100%       1d9       1%          1
b - Static Discharge      Conj/Air       37%        N/A       1%          2
c - Swiftness             Air            39%        N/A       1%          3
d - Airstrike             Air            19%        N/A       6%          4

Your spell library contained the following spells:

 Spells                   Type           Power      Damage    Failure   Level
 Malign Gateway           Summ/Tloc      3%         N/A       100%        7
 Summon Horrible Things   Summ           3%         N/A       100%        8


Dungeon Overview and Level Annotations

Branches:
Dungeon (5/15)
 Temple: D:4-7

Altars:
Vehumet
The Shining One

Annotations:
D:4 3 runed translucent doors, mnm's ghost, amateur VSFi


Message History

Aiming: Shock (safe; 1% risk of failure)
Press: ? - help, Shift-Dir - straight line, f - centaur
Aim: a centaur (asleep, 100% to hit)
You miscast Shock.
You are very lightly contaminated with residual magic.
Nothing appears to happen.
Unknown command.
Casting: Shock (safe; 1% risk of failure)
Confirm with . or Enter, or press ? or * to list all spells.
Aiming: Shock (safe; 1% risk of failure)
Press: ? - help, Shift-Dir - straight line, f/p - centaur
Aim: a centaur (asleep, 100% to hit)
The zap hits the centaur.
The centaur is moderately wounded.
The centaur shouts!
The zap hits the ice beast!
The ice beast is moderately wounded.
The centaur wields a +0 shortbow.
The centaur shoots an arrow.
The arrow hits you!
Casting: Shock (safe; 1% risk of failure)
Confirm with . or Enter, or press ? or * to list all spells.
Aiming: Shock (safe; 1% risk of failure)
Press: ? - help, Shift-Dir - straight line, f/p - centaur
Aim: a centaur, wielding a +0 shortbow (moderately wounded, 84% to hit)
The zap hits the centaur.
The centaur is heavily wounded.
The zap hits the ice beast.
The ice beast is moderately wounded.
The centaur shoots an arrow.
The arrow hits you!
Casting: Shock (safe; 1% risk of failure)
Confirm with . or Enter, or press ? or * to list all spells.
Aiming: Shock (safe; 1% risk of failure)
Press: ? - help, Shift-Dir - straight line, f/p - centaur
Aim: a centaur, wielding a +0 shortbow (heavily wounded, 84% to hit)
The zap hits the centaur but does no damage.
The centaur is heavily wounded.
The zap misses the ice beast.
The centaur shoots an arrow.
The arrow hits you!
* * * LOW HITPOINT WARNING * * *
The centaur shoots an arrow.
The arrow hits you!
You die...

###########.#
###.........#.#.
..............#.
....#.#.#...###Y
......)......##c .#
..#...#...#..##. .#
....#...#....##. #.#
..#..._...#..##.## #.#
....#...#....#..@###.#
..#...#...#..####.##.#
..............# #....#
#...#.#.#.....###.#..#
##.........###...##..#
#........## #......#
##.######## #.###)##
##..# ##.###.####
.#.## #.........#


You could see an ice beast and a centaur.

Vanquished Creatures
  A sky beast (D:5)
  A kobold brigand (D:5)
  A scorpion (D:4)
  A howler monkey (D:4)
  Ijyb (D:3)
  An iguana (D:3)
  Natasha (D:3)
  3 orc wizards
  3 adders
  3 ufetubi
  2 worms
  12 orcs
  2 bats
  9 endoplasms
  3 giant cockroaches
  5 goblins
  8 hobgoblins
  7 jackals
  10 kobolds
  2 quokkas
  8 ball pythons
  6 frilled lizards
  3 rats
93 creatures vanquished.

Vanquished Creatures (others)
  3 fungi (D:4)
3 creatures vanquished.

Grand Total: 96 creatures vanquished

Notes
Turn   | Place    | Note
-------+----------+-------------------------------------------
     0 | D:1      | pascalblue the Deep Elf Air Elementalist began the quest
                  | for the Orb.
     0 | D:1      | Reached XP level 1. HP: 10/10 MP: 6/6
    64 | D:1      | Found a faded altar of an unknown god.
   373 | D:1      | Reached XP level 2. HP: 15/15 MP: 2/8
   444 | D:1      | Learned a level 2 spell: Static Discharge
  1171 | D:1      | Reached XP level 3. HP: 19/19 MP: 7/9
  1175 | D:1      | Learned a level 3 spell: Swiftness
  2248 | D:3      | Reached XP level 4. HP: 17/24 MP: 4/11
  2412 | D:3      | Learned a level 4 spell: Airstrike
  2573 | D:3      | Noticed Ijyb
  2583 | D:3      | Killed Ijyb
  2584 | D:3      | Reached XP level 5. HP: 22/28 MP: 4/13
  3013 | D:3      | Identified the +7 chain mail of the Skies Above {rCorr
                  | Dex+3}
  3262 | D:3      | Noticed Natasha
  3265 | D:3      | Killed Natasha
  3509 | D:4      | Reached XP level 6. HP: 5/32 MP: 1/14
  3826 | D:4      | Reached skill level 5 in Air Magic
  3833 | D:4      | Found a runed translucent gate.
  4016 | D:4      | Found a runed translucent gate.
  4016 | D:4      | Found a runed translucent gate.
  4023 | D:4      | Noticed mnm's ghost (amateur VSFi)
  4287 | D:5      | Entered Level 5 of the Dungeon
  4373 | D:5      | Found a radiant altar of Vehumet.
  4378 | D:5      | Noticed a sky beast
  4389 | D:5      | Killed a sky beast
  4390 | D:5      | Reached skill level 5 in Spellcasting
  4399 | D:5      | Became a worshipper of Vehumet
  4485 | D:5      | Reached skill level 5 in Conjurations
  4485 | D:5      | Reached XP level 7. HP: 36/36 MP: 10/16
  4540 | D:5      | Found a glowing golden altar of the Shining One.
  4618 | D:5      | Shot with an arrow by a centaur

Illustrated notes

Levels and vault maps discovered:
D:1:      dpeg_arrival_pond, layout_loops_corners,
          hellmonk_ecumenical_altar_heavens_door, minmay_misc_feat_diagonals
D:2:      layout_basic
D:3:      layout_loops_ring, chequers_serial_rivers_small_b, uniq_ijyb,
          uniq_natasha
D:4:      layout_rooms, gammafunk_ghost_nasty_kobolds
D:5:      layout_loops_ring, nicolae_vehumet_radiance, lemuel_doored_altar,
          serial_bayou_lake_a

Skill      XL: |  1  2  3  4  5  6 |
---------------+-------------------+-----
Conjurations   | 2 3 4 5 |  5.1
Air Magic      | 4 5 |  5.7
Spellcasting   | 4 5 |  5.3
Dodging        | |  2.4
Stealth        | |  2.4

Action                   |  1- 3 |  4- 6 |  7- 9 || total
-------------------------+-------+-------+-------++-------
Melee: Dagger            |     4 |    13 |       ||    17
 Cast: Shock             |    92 |   102 |     6 ||   200
       Static Discharge  |       |     7 |       ||     7
       Airstrike         |       |     2 |       ||     2
  Use: Scroll            |       |    13 |       ||    13
Armor: Robe              |     1 |     6 |       ||     7
Dodge: Dodged            |     9 |    14 |       ||    23

Table legend: (Time is in decaauts)
 A = Elapsed time spent in this place.
 B = Non-inter-level travel time spent in this place.
 C = Inter-level travel time spent in this place.
 D = Time resting spent in this place.
 E = Time spent auto-exploring this place.
 F = Levels seen in this place.
 G = Mean time per level.
                   A        B        C        D        E       F      G
               +--------+--------+--------+--------+--------+-----+--------+
         Total |   4616 |   4479 |    137 |    617 |   3296 |   5 |  923.2 |
       Dungeon |   4616 |   4479 |    137 |    617 |   3296 |   5 |  923.2 |
               +--------+--------+--------+--------+--------+-----+--------+

Top non-repeatable levels by time:
     D:1: 1290 daAuts
     D:3: 1239 daAuts
     D:4: 968 daAuts
     D:2: 788 daAuts
     D:5: 330 daAuts
